cohdb
Replays
Latest Replays
All Replays
Popular Replays
Top Player Replays
Match Explorer
How It Works
Community
CoH3 Stats
Reddit
Sign in to upload your games and track your stats! →
Sign in with Steam
Match 33397907
Unlisted
Match 33397907
Overview
Messages
Build Orders
End
Construct Section Command Post
Vickers Machine Gun Team
Selects Air and Sea Battlegroup
Dingo Light Scout Car
Infantry Section
Infantry Section
Royal Engineer Section
Grenade Package
Construct Field Infirmary
Construct Platoon Command Post
CMP 15cwt Truck
Selects Commando Section Paradrop
Selects M1 Pack Howitzer Paradrop
M1 Pack Howitzer Paradrop
Commando Section Paradrop
Infantry Training
Selects Incendiary Bombing Run
Incendiary Bombing Run
Selects Supply Surplus
Selects Centaur Medium Tank
Centaur Medium Tank
Incendiary Bombing Run
Commando Section Paradrop
Microsoft Office PowerPoint
Microsoft Office Excel
Microsoft Office Word
Didier617
Brigadierbadge®
MAZKillerju
0
0
Comments
sign in to comment!
No comments posted yet!